 Dungeon Crawl Stone Soup version 0.24-a0-520-g8fd06ad (webtiles) character file.

Game seed: 17183784841853569270

743 pkoi the Grappler (level 7, -18/60 HPs)
             Began as a Minotaur Monk on July 23, 2019.
             Was an Initiate of Qazlal.
             Demolished by a two-headed ogre
             ... wielding a +0 dire flail of crushing
              (24 damage)
             ... on level 5 of the Dungeon.
             The game lasted 00:04:31 (4480 turns).

pkoi the Grappler (Minotaur Monk)                   Turns: 4480, Time: 00:04:33

Health: -18/60     AC:  3    Str: 17    XL:     7   Next: 47%
Magic:  6/6        EV: 14    Int:  4    God:    Qazlal [......]
Gold:   169        SH:  0    Dex: 13    Spells: 6/6 levels left

rFire    . . .     SeeInvis .     - Unarmed
rCold    + . .     Gourm    .   (no shield)
rNeg     . . .     Faith    .   a - +0 robe
rPois    .         Spirit   .   (helmet restricted)
rElec    .         Reflect  .   l - +0 cloak
rCorr    .         Harm     .   (no gloves)
MR       .....                  (no boots)
Stlth    ++........             (no amulet)
HPRegen  0.20/turn              m - ring of protection from cold
MPRegen  0.10/turn              q - -3 ring of intelligence (curse)

@: marked, hasted, very quick
A: retaliatory headbutt, horns 2
a: Renounce Religion


You were on level 5 of the Dungeon.
You worshipped Qazlal.
Qazlal was noncommittal.
You were near starving.

You visited 2 branches of the dungeon, and saw 6 of its levels.

You collected 169 gold pieces.

Inventory:

Armour
 a - a +0 robe (worn)
 l - a +0 cloak (worn)
Jewellery
 k - an uncursed ring of ice {unknown}
 m - a ring of protection from cold (left hand)
 p - an uncursed ring of magical power {unknown}
 q - a cursed -3 ring of intelligence (right hand)
Scrolls
 d - a scroll of magic mapping {unknown}
 e - 2 scrolls of identify
 f - 2 scrolls of teleportation
 j - a scroll of random uselessness {unknown}
Potions
 g - a potion of berserk rage {unknown}
 h - a potion of brilliance {unknown}
 i - a potion of lignification {unknown}
 n - a potion of flight {unknown}
 o - 2 potions of curing {unknown}
Comestibles
 b - 12 rations


   Skills:
 + Level 4.7 Fighting
 + Level 2.7 Armour
 + Level 4.3 Dodging
 - Level 1.5 Stealth
 + Level 8.4 Unarmed Combat
 + Level 0.0 Invocations


You had 6 spell levels left.
You didn't know any spells.
Your spell library contained the following spells:

 Spells                   Type           Power        Failure   Level  Hunger
 Magic Dart               Conj           #...         50%         1    ##.....
 Blink                    Tloc           N/A          65%         2    ###....
 Call Imp                 Summ           #.......     65%         2    ###....
 Slow                     Hex            #.......     65%         2    ###....
 Conjure Flame            Conj/Fire      #.......     86%         3    ####...
 Mephitic Cloud           Conj/Pois/Air  #.......     86%         3    ####...


Dungeon Overview and Level Annotations

Branches:
Dungeon (5/15)             Temple (1/1) D:5

Altars:
Cheibriados
Elyvilon
Fedhas
Gozag
Makhleb
Nemelex Xobeh
Okawaru
Qazlal
Ru
Trog
Uskayaw
Vehumet
Wu Jian
Yredelemnul
Zin
The Shining One

Shops:
D:5 [(

Annotations:
D:2 Terence
D:5 1 runed translucent door


Innate Abilities, Weirdness & Mutations

You reflexively headbutt those who attack you in melee.
You have a pair of horns on your head.


Message History

It was a potion of haste.
You feel yourself speed up. The two-headed ogre closely misses you.
The two-headed ogre misses you.
A leopard gecko comes into view.
You bump into the rock wall.
You bump into the rock wall.
You hit the two-headed ogre but do no damage.
You headbutt the two-headed ogre, but do no damage.
The two-headed ogre hits you with a +0 dire flail of crushing!!
The two-headed ogre completely misses you.
A leopard gecko comes into view.
You punch the two-headed ogre! You headbutt the two-headed ogre!
The two-headed ogre is heavily wounded.
You hit the two-headed ogre but do no damage.
The two-headed ogre is heavily wounded.
You feel less confused.
The orc wizard hits you with a +0 dagger.
The two-headed ogre hits you with a +0 dire flail of crushing!!
* * * LOW HITPOINT WARNING * * *
x2 The two-headed ogre hits you with a +0 giant club!!
You die...

............Oo....#
...##....<.##...$.##.
...#...###.##.......?
........##l.#.......
.##.###...#.##.#..#
.##.#####.#..#....#
........∩......!..##
...............##o.#
..##..###.......@# #
..#.....##.....#O##.####.
.#..##.....##.##lo.o.....
.#.###..##....#.###l...##
.#.........#....# .<...
...#....####...## o..#
##...##.# #.### ..#
#...#........ ..
....#..##### .


You could see a two-headed ogre, 2 orc wizards and 2 leopard geckos.

Vanquished Creatures
  2 ogres (D:5)
  2 bullfrogs (D:4)
  Blork the orc (D:5)
  4 wights (D:2)
  An orc wizard (D:4)
  2 iguanas (D:4)
  A worker ant (D:5)
  2 adders (D:3)
  3 oozes
  A worm (D:2)
  A dart slug (D:1)
  2 leopard geckos
  10 orcs
  3 bats (D:1)
  3 giant cockroaches
  9 goblins
  3 hobgoblins
  11 jackals (D:3)
  6 kobolds
  A quokka (D:3)
  A ball python (D:2)
  3 frilled lizards
  A leopard gecko skeleton (D:4)
  A quokka zombie (D:5)
  6 rats
80 creatures vanquished.

Notes
Turn   | Place    | Note
-------+----------+-------------------------------------------
     0 | D:1      | pkoi the Minotaur Monk began the quest for the Orb.
     0 | D:1      | Reached XP level 1. HP: 19/19 MP: 0/0
    42 | D:1      | Reached XP level 2. HP: 23/26 MP: 1/1
    42 | D:1      | Reached skill level 4 in Unarmed Combat
   661 | D:2      | Reached XP level 3. HP: 31/31 MP: 2/2
  1119 | D:2      | Found a snail-covered altar of Cheibriados.
  1138 | D:2      | Noticed Terence
  1177 | D:2      | Found a blossoming altar of Fedhas.
  1240 | D:2      | Reached skill level 5 in Unarmed Combat
  1240 | D:2      | Reached XP level 4. HP: 39/39 MP: 3/3
  1245 | D:2      | Reached skill level 6 in Unarmed Combat
  1250 | D:2      | Reached XP level 5. HP: 14/45 MP: 4/4
  1568 | D:3      | Reached skill level 7 in Unarmed Combat
  2250 | D:3      | Reached XP level 6. HP: 46/51 MP: 5/5
  2590 | D:4      | Found a basalt altar of Yredelemnul.
  2864 | D:4      | Found a sparkling altar of Nemelex Xobeh.
  2943 | D:4      | Reached skill level 1 in Armour
  3206 | D:5      | Entered Level 5 of the Dungeon
  3207 | D:5      | Found Ochit's Antique Weapon Shoppe.
  3207 | D:5      | Noticed Blork the orc
  3514 | D:5      | Found a runed translucent gate.
  3523 | D:5      | Reached skill level 8 in Unarmed Combat
  3527 | D:5      | Reached XP level 7. HP: 51/59 MP: 6/6
  3558 | D:5      | HP: 2/59 [ogre/+0 giant club (19)]
  3780 | D:5      | Found Ravaup's Antique Armour Shoppe.
  3963 | D:5      | Killed Blork the orc
  3983 | D:5      | Found a staircase to the Ecumenical Temple.
  4015 | Temple   | Entered the Ecumenical Temple
  4408 | Temple   | Became a worshipper of Ru the Awakened
  4442 | Temple   | Fell from the grace of Ru
  4442 | Temple   | Became a worshipper of Qazlal Stormbringer
  4468 | D:5      | Noticed a two-headed ogre
  4480 | D:5      | Demolished by a two-headed ogre

Levels and vault maps discovered:
D:1:      minmay_arrival_three_doors, layout_rooms
D:2:      layout_rooms, lemuel_coloured_pillars_altar, fedhas_altar_fruit_tree,
          uniq_terence
D:3:      layout_basic
D:4:      layout_basic, kennysheep_mini, nemelex_xobeh_ov_fountains_minmay
D:5:      layout_rooms, minmay_temple_entry_offerings, ebering_ghost_gozag,
          serial_shops, nicolae_shop_stone, shop, nicolae_shop_waterfront,
          first_ration, minmay_a_box_with_orc_wizards_in_it, uniq_blork_the_orc
Temple:   hc_temple_tempest_star

Skill      XL: |  1  2  3  4  5  6  7 |
---------------+----------------------+-----
Unarmed Combat | 4 5 6 7 8 |  8.4
Armour         | 1 2 |  2.7
Fighting       | 4 |  4.7
Dodging        | 4 |  4.3
Stealth        | |  1.5

Action                   |  1- 3 |  4- 6 |  7- 9 || total
-------------------------+-------+-------+-------++-------
Melee: Unarmed           |    67 |   106 |    22 ||   195
       Headbutt          |    14 |    13 |     6 ||    33
       Punch             |     2 |     6 |     1 ||     9
  Use: Scroll            |       |     6 |       ||     6
       Potion            |       |     1 |     1 ||     2
 Stab: Sleeping          |     3 |     3 |       ||     6
  Eat: Chunk             |       |     5 |     1 ||     6
       Ration            |       |     1 |       ||     1
Armor: Robe              |     9 |    12 |       ||    21
Dodge: Dodged            |    49 |    68 |     7 ||   124

Table legend:
 A = Non-vault XP
 B = Vault XP
 C = Vault XP percentage of total XP
 D = Non-vault monster count
 E = Vault monster count
 F = Vault count percentage of total count
                 A         B        C        D         E       F
            +---------+---------+-------+---------+---------+-------
      Total |     972 |      90 |   8.5 |      79 |       1 |   1.2
            +---------+---------+-------+---------+---------+-------
        D:1 |      36 |       0 |   0.0 |      14 |       0 |   0.0
        D:2 |     254 |       0 |   0.0 |      18 |       0 |   0.0
        D:3 |      90 |       0 |   0.0 |      32 |       0 |   0.0
        D:4 |     318 |       0 |   0.0 |      11 |       0 |   0.0
        D:5 |     274 |      90 |  24.7 |       4 |       1 |  20.0
            +---------+---------+-------+---------+---------+-------
